 Dungeon Crawl Stone Soup version 0.19.0 (webtiles) character file.

302735 witty the Warrior (level 20, -17/170 HPs)
             Began as a Demonspawn Artificer on Oct 31, 2016.
             Was the Champion of Kikubaaqudgha.
             Shot with a bolt by a yaktaur captain (43 damage)
             ... on level 2 of the Vaults on Nov 2, 2016.
             The game lasted 03:15:40 (45981 turns).

witty the Warrior (Demonspawn Artificer)           Turns: 45981, Time: 03:15:40

Health: -17/170    AC: 15    Str: 14    XL:     20   Next: 22%
Magic:  32/32      EV: 22    Int: 18    God:    Kikubaaqudgha [******]
Gold:   2576       SH:  3    Dex: 31    Spells: 7 memorised, 3 levels left

rFire  + + +     SeeInvis +     a - +9 quarterstaff (drain)
rCold  + + .     Gourm    .     p - +3 ring mail of Ogerifu {rF+++ rC+ MR+ Stlth+}
rNeg   . . .     Faith    .     (shield currently unavailable)
rPois  .         Spirit   .     (helmet unavailable)
rElec  .         Reflect  +     m - +2 cloak
rCorr  .         Harm     .     d - +0 pair of gloves of the Cicada {rC+ Regen+ Str-3 SInv} (curse)
MR     ++...                    (boots unavailable)
Stlth  ++++......               i - amulet of Utoschit {Reflect Int+3 Dex+7 SH+3}
                                W - +4 ring of dexterity
                                g - +4 ring of strength

@: marked, very slightly contaminated, regenerating
A: claws 2, hooves 3, horns 3, fire resistance 1, ignite blood, nightstalker 1,
augmentation 2, flame cloud immunity
a: Receive Corpses, Torment, Renounce Religion
}: 2/15 runes: decaying, serpentine


You were on level 2 of the Vaults.
You worshipped Kikubaaqudgha.
Kikubaaqudgha was exalted by your worship.
You were hungry.

You visited 8 branches of the dungeon, and saw 37 of its levels.
You also visited: Labyrinth, Ossuary and Ice Cave.

You collected 4161 gold pieces.
You spent 1585 gold pieces at shops.

Inventory:

Hand Weapons
 a - a +9 quarterstaff of draining (weapon)
 b - the +8 hunting sling "Okhiecyi" {venom, Str+5 Int+4}
   (You found it in a labyrinth)

   It poisons the ammo it fires.
   It affects your strength (+5).
   It affects your intelligence (+4).
Missiles
 J - 62 sling bullets
Armour
 d - the cursed +0 pair of gloves of the Cicada (worn) {rC+ Regen+ Str-3 SInv}
   (You found it on level 3 of the Elven Halls)

   It affects your strength (-3).
   It protects you from cold.
   It lets you see invisible.
   It increases your rate of regeneration.
   It has a curse placed upon it.
 m - a +2 cloak (worn)
 p - the +3 ring mail of Ogerifu (worn) {rF+++ rC+ MR+ Stlth+}
   (You found it on level 4 of the Dungeon)

   It renders you almost immune to fire.
   It protects you from cold.
   It affects your resistance to hostile enchantments.
   It makes you more stealthy.
 T - the +6 plate armour of Agoraphobia {rElec Str+5 Stlth+}
   (You bought it in a shop on level 2 of the Orcish Mines)

   It affects your strength (+5).
   It insulates you from electricity.
   It makes you more stealthy.
Magical Staves
 t - an uncursed staff of earth
Jewellery
 g - a +4 ring of strength (left hand)
 i - the amulet of Utoschit (around neck) {Reflect Int+3 Dex+7 SH+3}
   (You bought it in a shop on level 2 of the Orcish Mines)

   [amulet of reflection]

   It shields you and reflects attacks.
   It affects your intelligence (+3).
   It affects your dexterity (+7).
   It affects your SH (+3).
 D - an uncursed ring of positive energy
 L - an uncursed ring of protection from cold
 P - the ring of Xom's Favour {rC+ rN+ Int+3 Dex+2, unknown}
   (You took it off a deep elf sorcerer on level 3 of the Elven Halls)

   [ring of protection from cold]

   It affects your intelligence (+3).
   It affects your dexterity (+2).
   It protects you from cold.
   It protects you from negative energy.
 W - a +4 ring of dexterity (right hand)
Wands
 I - a wand of teleportation (3/9)
 K - a wand of heal wounds (4/9)
 N - a wand of digging (1/24)
 O - a wand of disintegration (9/24)
Scrolls
 e - 6 scrolls of enchant armour
 j - a scroll of silence
 o - 2 scrolls of brand weapon
 r - 5 scrolls of identify
 y - 6 scrolls of fear
 C - 7 scrolls of teleportation
 E - 15 scrolls of remove curse
 Q - 4 scrolls of fog
 R - a scroll of enchant weapon
Potions
 k - 4 potions of agility
 n - 6 potions of curing
 q - 2 potions of invisibility
 v - 5 potions of might
 A - a potion of haste
 B - 3 potions of cancellation
 S - 4 potions of cure mutation
 V - 2 potions of resistance
 X - 3 potions of flight
 Z - a potion of brilliance
Books
 Y - a book of Spatial Translocations

   Spells                             Type                      Level
   a - Blink                          Translocation                2
   b - Shroud of Golubria             Charms/Translocation         2
   c - Lesser Beckoning               Translocation                3
   d - Portal Projectile              Translocation                3
   e - Teleport Other                 Translocation                3
   f - Passage of Golubria            Translocation                4
Miscellaneous
 w - a disc of storms
 x - a phial of floods
 z - a sack of spiders
 M - a phantom mirror
Comestibles
 f - 5 bread rations
 l - 15 meat rations
 s - 5 royal jellies
 u - 12 beef jerkies
 F - 32 fruits
 H - 12 chunks of flesh
 U - 6 slices of pizza


   Skills:
 - Level 18.0 Fighting
   Level 0.8 Short Blades
   Level 6.9(11.2) Maces & Flails
 - Level 13.6(14.2) Staves
 - Level 5.0 Throwing
 - Level 11.0 Armour
 - Level 11.0 Dodging
 - Level 0.8 Stealth
 - Level 8.1 Spellcasting
 + Level 7.3 Charms
 - Level 16.2 Necromancy
 + Level 4.7 Translocations
 - Level 7.1 Ice Magic
 - Level 8.2 Evocations


You had 3 spell levels left.
You knew the following spells:

 Your Spells              Type           Power        Failure   Level  Hunger
a - Regeneration          Chrm/Necr      #####.....   1%          3    #......
b - Dispel Undead         Necr           ######..     1%          5    #####..
c - Simulacrum            Ice/Necr       #####.....   24%         6    ######.
d - Infestation           Necr           ######....   98%         8    #######
e - Lesser Beckoning      Tloc           ###.......   10%         3    #......
f - Blink                 Tloc           N/A          4%          2    None
g - Excruciating Wounds   Chrm/Necr      #####.....   4%          5    #####..


Dungeon Overview and Level Annotations

Branches:
Dungeon (15/15)            Temple (1/1) D:7            Lair (6/6) D:9
  Swamp (4/4) Lair:2        Snake (4/4) Lair:3        Slime (0/5) Lair:6
    Orc (2/2) D:12            Elf (3/3) Orc:2        Vaults (2/5) D:13
 Depths (0/5) D:15
  Crypt: Vaults:2-3

Altars:
Ashenzari
Cheibriados
Dithmenos
Elyvilon
Fedhas
Gozag
Hepliaklqana
Kikubaaqudgha
Makhleb
Nemelex Xobeh
Okawaru
Qazlal
Ru
Sif Muna
Trog
Uskayaw
Vehumet
Xom
Yredelemnul
Zin
The Shining One
Beogh
Jiyva

Shops:
D:6 :   Orc:1 *   Orc:2 [[=}

Annotations:
D:1 exclusion: downstairs
D:2 1 exclusion
D:4 1 runed door, exclusion: upstairs
D:12 1 runed door
Lair:5 lacuna's ghost, journeyman DsGl
Snake:1 exclusion: 2 downstairs
Snake:2 Saint Roka
Elf:2 5 runed doors


Innate Abilities, Weirdness & Mutations

You have very sharp fingernails.
You have hooves in place of feet.
You have a pair of large horns on your head.
Your flesh is heat resistant. (rF+)
Your demonic aura causes spilled blood to erupt in flames.
You are slightly more attuned to the shadows.
Your magical and physical power is enhanced at high health.
You are immune to clouds of flame.


Message History

Press: ? - help, Shift-Dir - straight line, f - yaktaur captain
Aim: a yaktaur captain, wielding an arbalest (flame, lightly wounded)
You throw a javelin.
The javelin hits the yaktaur captain but does no damage.
The yaktaur captain is lightly wounded.
The yaktaur captain is engulfed in roaring flames.
The yaktaur captain is engulfed in roaring flames.
The yaktaur captain shoots a bolt.
The bolt hits you!
* * * LOW HITPOINT WARNING * * *
Things that are here:
a bolt; 36 gold pieces Throwing (i - inventory):
c - a javelin (quivered)
Press: ? - help, Shift-Dir - straight line, f/p - yaktaur captain
Aim: a yaktaur captain, wielding an arbalest (moderately wounded)
You throw a javelin.
The javelin hits the yaktaur captain but does no damage.
The yaktaur captain is moderately wounded.
The yaktaur captain shoots a bolt.
The bolt hits you!!!
You die...
Kikubaaqudgha rasps: "You have failed me!
Welcome... death!"

..##(##.[..#
####
..........
...#
#.#.(c#.#####
...#
#.......#.).#
...#
....8.....#p#
...#
#.......#.))#
...#
#.#...#.#####
...#
......ยง...##
#####
..##.##@?..#
....# ..#..
#....# ....#
#. ##..%#
....# ####
....# ....#
.)..#
##(###########
))............


You could see a yaktaur captain.

Vanquished Creatures
  Bai Suzhen (Swamp:4)
  the Lernaean hydra (Swamp:4)
  Jorgrun (Elf:3)
  Rupert (Lair:6)
  The ghost of danielguo94 the Peltast, an adept GrFi of the Shining One (Elf:3)
  A deep elf blademaster (Elf:3)
  Frances (D:12)
  Agnes (Snake:4)
  3 thorn hunters
  Donald (Swamp:1)
  9 nagarajas (Snake:4)
  9 deep elf sorcerers
  5 vault wardens
  Louise (D:14)
  Aizul (Snake:2)
  5 deep elf elementalists (Elf:3)
  An entropy weaver (Vaults:2)
  3 stone giants (Vaults:2)
  5 ironheart preservers
  5 deep elf demonologists
  Nessos (D:14)
  6 deep elf annihilators
  A dire elephant (D:15)
  Snorg (D:10)
  2 deep elf death magi
  A minotaur (Lab)
  An ettin (Vaults:2)
  A fire dragon (Vaults:1)
  A yaktaur captain (Vaults:2)
  4 deep elf high priests (Elf:3)
  An ice dragon (Vaults:1)
  26 hydras
  2 ghost crabs (Swamp:2)
  5 vault guards
  A great orb of eyes (Vaults:1)
  A rakshasa (Vaults:1)
  A merfolk avatar (Lair:6)
  2 centaur warriors
  9 naga warriors
  A catoblepas (Lair:6)
  The ghost of tizzy the Severer, a journeyman DsFi of Uskayaw (D:9)
  10 anacondas (Snake:4)
  17 dancing weapons
  7 ogre magi
  7 alligators
  5 death yaks (Lair:4)
  A tengu warrior (D:13)
  2 orc high priests
  5 shock serpents
  17 deep elf knights
  8 naga sharpshooters
  Nergalle (D:10)
  Sonja (Lair:1)
  A shadow wraith (D:13)
  3 sea snakes
  4 salamander mystics (Snake:4)
  8 skeletal warriors
  6 naga ritualists
  3 wizards
  2 glowing orange brains
  9 swamp dragons
  A deep troll (Vaults:2)
  A shambling mangrove (Swamp:3)
  2 spriggan druids
  An unseen horror (D:12)
  A phantasmal warrior (Vaults:2)
  A flayed ghost (Vaults:2)
  2 harpies (Lair:6)
  6 ironbrand convokers
  4 lindwurms (Snake:4)
  11 deep elf archers
  5 hill giants
  16 mana vipers
  2 necromancers
  2 oklob plants
  54 deep elf magi
  2 wolf spiders
  4 orc knights
  4 orc sorcerers (Orc:2)
  An orb spider (shapeshifter) (Vaults:2)
  20 ugly things
  8 cyclopes
  4 manticores
  29 slime creatures
  2 salamanders
  6 guardian serpents
  An ice statue (IceCv)
  16 naga magi
  A centaur zombie (D:14)
  An elephant (Lair:6)
  21 black mambas
  7 vault sentinels
  A torpor snail (Lair:6)
  A gargoyle (D:15)
  13 spiny frogs
  8 komodo dragons
  An efreet (D:15)
  3 rime drakes (Lair:6)
  7 ice devils
  A yaktaur (Vaults:2)
  An entropy weaver simulacrum (Vaults:1)
  A tengu conjurer (D:10)
  A minotaur zombie (Lab)
  8 tyrant leeches
  9 trolls
  13 hornets
  10 two-headed ogres
  12 polar bears
  2 dream sheep (Lair:6)
  14 hippogriffs
  19 bog bodies
  Grinder (D:3)
  Prince Ribbit (D:9)
  15 blink frogs
  A redback (Vaults:2)
  3 air elementals
  4 shadows
  2 spriggans (Swamp:3)
  2 water elementals
  A wraith (Vaults:1)
  Sigmund (D:2)
  4 wyverns
  A vampire (Swamp:2)
  5 fire elementals
  39 yaks
  A steam dragon (Lair:3)
  Eustachio (D:4)
  14 vampire mosquitoes
  4 hungry ghosts (Lab)
  6 basilisks
  Menkaure (D:7)
  5 insubstantial wisps (Swamp:4)
  26 nagas
  10 water moccasins
  4 wargs
  21 swamp worms
  Duvessa (D:7)
  2 hell hounds (D:9)
  4 porcupines (Lair:3)
  2 black bears
  29 orc warriors
  15 swamp drakes
  2 sky beasts
  An eye of draining (D:8)
  4 ice beasts
  A necrophage (D:12)
  A human zombie (Vaults:1)
  A phantom (D:7)
  15 wolves
  32 ogres
  The ghost of tizzy the Chopper, an amateur DsFi of Uskayaw (D:3)
  3 boggarts (Vaults:2)
  3 centaurs
  20 crocodiles
  2 big kobolds
  20 bullfrogs
  A wyvern zombie (D:15)
  Dowan (D:7)
  4 water moccasin zombies (Ossuary)
  2 earth elementals
  2 scorpions
  A hornet simulacrum (D:14)
  A water moccasin skeleton (D:7)
  2 wyvern skeletons
  14 killer bees
  10 wights
  4 howler monkeys
  3 electric eels
  3 bullfrog zombies (D:9)
  4 crimson imps
  2 human simulacra (Vaults:1)
  13 jellies
  6 centaur skeletons
  6 hounds
  33 orc wizards
  30 orc priests
  A bullfrog skeleton (D:6)
  Natasha (thrice) (D:3)
  A gnoll shaman (D:6)
  7 hell rats (Lair:4)
  4 iguanas
  3 polar bear simulacra (Lair:6)
  7 worker ants
  A yak simulacrum (Lair:6)
  4 wolf simulacra (Lair:6)
  4 big kobold zombies (Ossuary)
  2 mummies (Ossuary)
  A worker ant zombie (D:11)
  8 gnolls
  8 adders
  A shadow imp (D:11)
  13 white imps (IceCv)
  3 ufetubi (IceCv)
  15 oozes
  7 adder zombies (Ossuary)
  2 dart slugs
  4 leopard geckos
  85 orcs
  7 bats
  11 giant cockroaches
  3 gnoll zombies (Ossuary)
  6 goblins
  3 hobgoblins (D:2)
  6 jackals
  14 kobolds
  7 quokkas
  2 ball pythons
  10 frilled lizards
  2 hobgoblin zombies (Ossuary)
  6 kobold zombies (Ossuary)
  4 orc zombies (Ossuary)
  12 rats
  3 river rat simulacra (Lair:6)
  3 fungi
  A plant (Lair:6)
1361 creatures vanquished.

Vanquished Creatures (collateral kills)
  A spiny frog (Lair:3)
  A yak (D:6)
  A vampire mosquito (Swamp:4)
  A worker ant (D:4)
  An orc wizard (D:4)
  2 orcs
  A ball python (D:4)
8 creatures vanquished.

Vanquished Creatures (others)
  A reaper (IceCv)
  A naga sharpshooter (Snake:1)
  A guardian serpent (Snake:1)
  2 yaks (D:6)
  An orc warrior (Snake:2)
  An orc priest (D:4)
  An iguana (D:4)
  An orc wizard (D:4)
  4 white imps (IceCv)
  2 ufetubi (IceCv)
  A bush (Lair:4)
  25 fungi
  10 plants
51 creatures vanquished.

Grand Total: 1420 creatures vanquished

Notes
Turn   | Place    | Note
-------+----------+-------------------------------------------
     0 | D:1      | witty the Demonspawn Artificer began the quest for the Orb.
     0 | D:1      | Reached XP level 1. HP: 15/15 MP: 3/3
   321 | D:1      | Reached skill level 2 in Fighting
   366 | D:1      | Gained mutation: Your flesh is heat resistant. (rF+) [demonic ancestry]
   366 | D:1      | Reached XP level 2. HP: 16/22 MP: 4/4
  1356 | D:2      | Noticed Sigmund
  1395 | D:2      | Reached skill level 3 in Fighting
  1395 | D:2      | Gained mutation: You have a pair of small horns on your head. [demonic ancestry]
  1395 | D:2      | Reached XP level 3. HP: 29/29 MP: 5/5
  1769 | D:3      | Noticed Natasha
  1784 | D:3      | Killed Natasha
  1989 | D:3      | Reached XP level 4. HP: 34/37 MP: 6/6
  2027 | D:3      | Found a white marble altar of Elyvilon.
  2045 | D:3      | Noticed Natasha
  2063 | D:3      | Killed Natasha
  2063 | D:3      | Reached skill level 4 in Fighting
  2226 | D:3      | Noticed tizzy's ghost (amateur DsFi)
  2676 | D:3      | Noticed Grinder
  2717 | D:4      | Reached skill level 1 in Armour
  2717 | D:4      | Gained mutation: You have large cloven feet. [demonic ancestry]
  2717 | D:4      | Reached XP level 5. HP: 43/43 MP: 7/7
  2726 | D:4      | Got a dazzling ring mail
  2737 | D:4      | Identified the +3 ring mail of Ogerifu {rF+++ rC+ MR+ Stlth+} (You found it on level 4 of the Dungeon)
  2774 | D:3      | Noticed Natasha
  2787 | D:3      | Killed Natasha
  2966 | D:3      | Found an opulent altar of Gozag.
  3320 | D:4      | Reached skill level 5 in Fighting
  3369 | D:4      | Gained mutation: You are immune to clouds of flame. [demonic ancestry]
  3369 | D:4      | Reached XP level 6. HP: 51/51 MP: 8/8
  3475 | D:4      | Reached skill level 1 in Maces & Flails
  3845 | D:4      | Found a runed door.
  4089 | D:4      | Noticed Eustachio
  4173 | D:4      | Killed Eustachio
  4173 | D:4      | Gained mutation: You have hoof-like feet. [demonic ancestry]
  4173 | D:4      | Reached XP level 7. HP: 27/56 MP: 9/9
  4576 | D:3      | Killed Grinder
  4780 | D:3      | Killed tizzy's ghost
  5330 | D:2      | Killed Sigmund
  5330 | D:2      | Reached XP level 8. HP: 61/62 MP: 10/10
  5643 | D:5      | Entered Level 5 of the Dungeon
  5910 | D:5      | Reached skill level 5 in Throwing
  5924 | D:5      | Found a deep blue altar of Sif Muna.
  5948 | D:5      | Found a sand-covered staircase.
  5959 | Ossuary  | Entered an ossuary
  6257 | Ossuary  | Reached skill level 5 in Maces & Flails
  6605 | Ossuary  | HP: 3/62 [mummy (14)]
  7408 | D:6      | Reached skill level 1 in Staves
  7527 | D:6      | Gained mutation: You have hooves in place of feet. [demonic ancestry]
  7527 | D:6      | Reached XP level 9. HP: 68/68 MP: 11/11
  7754 | D:6      | Found Vuaqaidgh's Book Shop.
  8023 | D:7      | Got a sheer robe
  8034 | D:7      | Identified the +0 robe of Lugonu {Int+2} (You found it on level 7 of the Dungeon)
  8104 | D:7      | Noticed Duvessa
  8130 | D:7      | Killed Duvessa
  8139 | D:7      | Noticed Dowan
  8143 | D:7      | Killed Dowan
  8777 | D:7      | Reached skill level 6 in Fighting
  8877 | D:7      | Noticed Menkaure
  8887 | D:7      | Killed Menkaure
  9692 | D:7      | Found a staircase to the Ecumenical Temple.
  9882 | Temple   | Entered the Ecumenical Temple
 10026 | Temple   | Became a worshipper of Kikubaaqudgha
 10667 | D:8      | Gained mutation: You have a pair of horns on your head. [demonic ancestry]
 10667 | D:8      | Reached XP level 10. HP: 41/77 MP: 13/13
 10840 | D:8      | Found a glowing golden altar of the Shining One.
 11068 | D:8      | Reached skill level 7 in Fighting
 11094 | D:8      | Reached * piety under Kikubaaqudgha
 11094 | D:8      | Identified Kikubaaqudgha's Handbook of Necromancy (Kikubaaqudgha gifted it to you on level 8 of the Dungeon)
 11094 | D:8      | Received a gift from Kikubaaqudgha
 11106 | D:8      | Learned a level 3 spell: Regeneration
 11296 | D:9      | Found a staircase to the Lair.
 11310 | D:9      | Reached skill level 1 in Necromancy
 11488 | D:9      | Reached skill level 1 in Charms
 11829 | D:9      | Noticed Prince Ribbit
 11841 | D:9      | Killed Prince Ribbit
 12139 | D:9      | Noticed tizzy's ghost (journeyman DsFi)
 12147 | D:9      | Killed tizzy's ghost
 12147 | D:9      | Reached skill level 8 in Fighting
 12384 | D:9      | Found a bloodstained altar of Trog.
 12517 | D:10     | Entered Level 10 of the Dungeon
 12603 | Lair:1   | Entered Level 1 of the Lair of Beasts
 12650 | Lair:1   | Reached skill level 5 in Necromancy
 12731 | Lair:1   | Reached ** piety under Kikubaaqudgha
 12760 | Lair:1   | Reached skill level 5 in Staves
 12794 | Lair:1   | Noticed a spiny frog
 12805 | Lair:1   | Killed a spiny frog
 12992 | Lair:1   | Noticed a spiny frog
 13016 | Lair:1   | Gained mutation: You have sharp fingernails. [demonic ancestry]
 13016 | Lair:1   | Reached XP level 11. HP: 86/86 MP: 12/14
 13192 | Lair:1   | Noticed a four-headed hydra
 13199 | Lair:1   | Killed a four-headed hydra
 13242 | Lair:1   | Noticed an eight-headed hydra
 13256 | Lair:2   | Noticed a four-headed hydra
 13261 | Lair:2   | Killed a four-headed hydra
 13353 | Lair:2   | Found a staircase to the Swamp.
 13387 | Lair:2   | Found a frozen archway.
 13474 | IceCv    | Entered an ice cave
 13838 | IceCv    | Killed a reaper
 14105 | IceCv    | Reached *** piety under Kikubaaqudgha
 14105 | IceCv    | Identified Kikubaaqudgha's Guide on Dark Magic (Kikubaaqudgha gifted it to you in an ice cave)
 14105 | IceCv    | Received a gift from Kikubaaqudgha
 14612 | IceCv    | Got an ancient demon blade
 14720 | IceCv    | Identified the +9 demon blade "Kyiwnet" {venom, Str+4} (You found it in an ice cave)
 15333 | Lair:2   | Reached skill level 9 in Fighting
 15799 | Lair:3   | Gained mutation: Your demonic aura causes spilled blood to erupt in flames. [demonic ancestry]
 15799 | Lair:3   | Reached XP level 12. HP: 95/95 MP: 15/15
 15822 | Lair:3   | Found a staircase to the Snake Pit.
 15993 | Lair:3   | Noticed a five-headed hydra
 16000 | Lair:3   | Killed a five-headed hydra
 16283 | Lair:3   | Found a hazy altar of Hepliaklqana.
 16667 | Lair:4   | Reached skill level 10 in Fighting
 16730 | Lair:4   | Noticed an eight-headed hydra
 16735 | Lair:4   | Killed an eight-headed hydra
 16894 | Lair:4   | Noticed a four-headed hydra
 16901 | Lair:4   | Killed a four-headed hydra
 16928 | Lair:4   | Noticed a death yak
 16929 | Lair:4   | Noticed a death yak
 16957 | Lair:4   | Killed a death yak
 16957 | Lair:4   | Reached **** piety under Kikubaaqudgha
 17036 | Lair:4   | Noticed a death yak
 17037 | Lair:4   | Found a glowing silver altar of Zin.
 17037 | Lair:4   | Noticed a death yak
 17039 | Lair:4   | Noticed a death yak
 17074 | Lair:4   | Reached skill level 10 in Staves
 17109 | Lair:4   | Killed a death yak
 17109 | Lair:4   | Reached skill level 11 in Fighting
 17114 | Lair:4   | Killed a death yak
 17124 | Lair:4   | Killed a death yak
 17129 | Lair:4   | Killed a death yak
 17873 | Lair:5   | Noticed lacuna's ghost (journeyman DsGl)
 18011 | Lair:4   | Reached XP level 13. HP: 107/107 MP: 16/16
 18019 | Lair:4   | Learned a level 5 spell: Dispel Undead
 18019 | Lair:4   | Upgraded the game from 0.19-b1-5-gdc9fa9d to 0.19.0
 18159 | Lair:5   | Reached ***** piety under Kikubaaqudgha
 18201 | Lair:5   | Reached skill level 12 in Fighting
 18521 | Lair:6   | Entered Level 6 of the Lair of Beasts
 18747 | Lair:6   | Reached skill level 5 in Dodging
 18842 | Lair:6   | Found a staircase to the Slime Pits.
 18842 | Lair:6   | Found a viscous altar of Jiyva.
 18866 | Lair:6   | Found a labyrinth entrance.
 18871 | Lair:6   | Reached skill level 5 in Armour
 18904 | Lab      | Entered a labyrinth
 19246 | Lab      | Noticed a minotaur
 19252 | Lab      | Killed a minotaur
 19265 | Lab      | Got a shimmering hunting sling
 19442 | Lair:6   | Paralysed by a hornet for 2 turns
 19695 | Lair:6   | Got a glittering lead amulet
 19697 | Lair:6   | Identified the amulet of Arroo {Inacc rF+ Int+3} (You found it on level 6 of the Lair of Beasts)
 19704 | Lair:6   | Identified the +8 hunting sling "Okhiecyi" {venom, Str+5 Int+4} (You found it in a labyrinth)
 19789 | Lair:6   | Paralysed by a hornet for 3 turns
 19796 | Lair:6   | Paralysed by a hornet for 3 turns
 20219 | Lair:6   | Noticed Rupert
 20273 | Lair:6   | Gained mutation: You are slightly more attuned to the shadows. [demonic ancestry]
 20273 | Lair:6   | Reached XP level 14. HP: 52/116 MP: 9/17
 20730 | Lair:6   | Killed Rupert
 20892 | Lair:6   | Reached skill level 13 in Fighting
 21244 | D:10     | You fall through a shaft for 2 floors!
 21251 | D:12     | Noticed Frances
 21268 | D:12     | Reached ****** piety under Kikubaaqudgha
 21291 | D:12     | Killed Frances
 21360 | D:12     | Found a glowing silver altar of Zin.
 21360 | D:12     | Noticed an angel
 21361 | D:12     | Found a runed door.
 21477 | D:12     | Found a staircase to the Orcish Mines.
 21523 | Orc:1    | Entered Level 1 of the Orcish Mines
 21635 | Orc:2    | Entered Level 2 of the Orcish Mines
 21899 | Orc:2    | Found a roughly hewn altar of Beogh.
 22020 | Orc:2    | Found a staircase to the Elven Halls.
 22497 | Orc:2    | Found Mitut's Antique Armour Boutique.
 22498 | Orc:2    | Found Taynuiq's Armour Boutique.
 22499 | Orc:2    | Found Couc's Jewellery Shop.
 22501 | Orc:2    | Found Uniss's Gadget Shop.
 22504 | Orc:2    | Bought a faintly glowing plate armour for 644 gold pieces
 22505 | Orc:2    | Bought a wand of teleportation (3/9) for 252 gold pieces
 22521 | Orc:2    | Identified the +6 plate armour of Agoraphobia {rElec Str+5 Stlth+} (You bought it in a shop on level 2 of the Orcish Mines)
 22852 | Orc:1    | Found Ihacwefo's General Store.
 23135 | Orc:2    | Bought the amulet of Utoschit {Reflect Int+3 Dex+7 SH+3} for 689 gold pieces
 23223 | Orc:2    | Reached skill level 14 in Fighting
 23895 | D:13     | Found a gate to the Vaults.
 24954 | D:14     | Found a shattered altar of Ashenzari.
 24964 | D:14     | Noticed Nessos
 24979 | D:14     | Killed Nessos
 25147 | D:14     | Gained mutation: Your magical and physical power is slightly enhanced at high health. [demonic ancestry]
 25147 | D:14     | Reached XP level 15. HP: 126/126 MP: 18/18
 25556 | D:14     | Noticed Louise
 25575 | D:14     | Killed Louise
 25766 | D:15     | Entered Level 15 of the Dungeon
 25766 | D:15     | Found a shattered altar of Ashenzari.
 26368 | D:15     | Found a staircase to the Depths.
 26925 | D:11     | Found a shimmering altar of Xom.
 27582 | D:10     | Noticed Snorg
 27587 | D:10     | Killed Snorg
 27637 | D:10     | Noticed Nergalle
 27650 | D:10     | Killed Nergalle
 27783 | D:10     | Reached skill level 1 in Spellcasting
 28211 | Lair:1   | Noticed Sonja
 28222 | Lair:1   | Killed Sonja
 28502 | Swamp:1  | Entered Level 1 of the Swamp
 28653 | Swamp:1  | Identified a scroll of acquirement
 28712 | Swamp:1  | Noticed Donald
 28723 | Swamp:1  | Killed Donald
 29367 | Swamp:2  | Reached skill level 10 in Necromancy
 29609 | Swamp:2  | Noticed a thorn hunter
 29623 | Swamp:2  | Killed a thorn hunter
 30704 | Swamp:3  | Reached XP level 16. HP: 127/133 MP: 20/20
 30706 | Swamp:3  | Paralysed by a hornet for 3 turns
 31368 | Swamp:4  | Entered Level 4 of the Swamp
 31544 | Swamp:4  | Noticed a thorn hunter
 31556 | Swamp:4  | Killed a thorn hunter
 31618 | Swamp:4  | Reached skill level 5 in Evocations
 32383 | Swamp:4  | Noticed Bai Suzhen
 32484 | Swamp:4  | Noticed a thorn hunter
 32796 | Swamp:4  | Killed a thorn hunter
 33008 | Swamp:4  | Killed Bai Suzhen
 33106 | Swamp:4  | Reached skill level 15 in Fighting
 33251 | Swamp:4  | Got a twisted leather armour
 33262 | Swamp:4  | Identified the +3 leather armour of Akloilaeh {rPois rCorr} (You found it on level 4 of the Swamp)
 33422 | Swamp:4  | Noticed the 27-headed Lernaean hydra
 33436 | Swamp:4  | Killed the 27-headed Lernaean hydra
 33459 | Swamp:4  | Got a decaying rune of Zot
 33671 | Snake:1  | Entered Level 1 of the Snake Pit
 34406 | Snake:1  | Reached skill level 16 in Fighting
 35055 | Snake:2  | Noticed Aizul
 35242 | Snake:2  | Gained mutation: You have very sharp fingernails. [demonic ancestry]
 35242 | Snake:2  | Reached XP level 17. HP: 123/145 MP: 15/23
 35283 | Snake:2  | Noticed Saint Roka
 35312 | Snake:2  | Killed Aizul
 35644 | Snake:4  | Entered Level 4 of the Snake Pit
 36321 | Snake:4  | Noticed Agnes
 36335 | Snake:4  | Killed Agnes
 36335 | Snake:4  | Reached skill level 17 in Fighting
 37123 | Snake:4  | Reached skill level 18 in Fighting
 37850 | Snake:4  | Reached skill level 10 in Dodging
 37852 | Snake:4  | Reached skill level 10 in Armour
 38527 | Snake:4  | Reached XP level 18. HP: 145/157 MP: 22/24
 38562 | Snake:4  | Got a serpentine rune of Zot
 39109 | D:14     | Learned a level 6 spell: Simulacrum
 39171 | Vaults:1 | Entered Level 1 of the Vaults
 39531 | Vaults:1 | Reached skill level 1 in Ice Magic
 40007 | Vaults:1 | Reached skill level 5 in Ice Magic
 40928 | Elf:1    | Entered Level 1 of the Elven Halls
 41232 | Elf:1    | Received a gift from Kikubaaqudgha
 41242 | Elf:1    | Learned a level 8 spell: Infestation
 41911 | Elf:1    | Identified the Reference Book on Conjuration and Companions
 42708 | Elf:2    | Found a huge runed gate.
 42708 | Elf:2    | Found a huge runed gate.
 42708 | Elf:2    | Found a huge runed gate.
 42708 | Elf:2    | Found a huge runed gate.
 42713 | Elf:2    | Gained mutation: Your magical and physical power is enhanced at high health. [demonic ancestry]
 42713 | Elf:2    | Reached XP level 19. HP: 158/163 MP: 25/25
 42716 | Elf:2    | Found a huge runed gate.
 42786 | Elf:3    | Entered Level 3 of the Elven Halls
 43125 | Elf:3    | Noticed Jorgrun
 43135 | Elf:3    | Noticed danielguo94's ghost (adept GrFi)
 43136 | Elf:3    | Killed Jorgrun
 43136 | Elf:3    | Reached skill level 5 in Spellcasting
 43206 | Elf:3    | Killed danielguo94's ghost
 43609 | Elf:3    | Reached skill level 15 in Necromancy
 44103 | Elf:3    | Noticed a Brimstone Fiend
 44453 | Elf:3    | Learned a level 3 spell: Lesser Beckoning
 44456 | Elf:3    | Learned a level 2 spell: Blink
 44483 | Elf:3    | Got a pair of warped gloves
 44494 | Elf:3    | Identified the cursed +0 pair of gloves of the Cicada {rC+ Regen+ Str-3 SInv} (You found it on level 3 of the Elven Halls)
 44607 | Elf:3    | Got a clouded granite ring
 44936 | D:14     | Learned a level 5 spell: Excruciating Wounds
 45135 | Vaults:2 | Reached skill level 5 in Charms
 45233 | Vaults:2 | Reached skill level 1 in Translocations
 45589 | Vaults:2 | Gained mutation: You have a pair of large horns on your head. [demonic ancestry]
 45589 | Vaults:2 | Reached XP level 20. HP: 148/170 MP: 30/32
 45827 | Vaults:2 | HP: 8/170 [vault warden/war axe of electrocution (22)]
 45981 | Vaults:2 | Shot with a bolt by a yaktaur captain

Skill      XL: |  1  2  3  4  5  6  7  8  9 10 11 12 13 14 15 16 17 18 19 20 |
---------------+-------------------------------------------------------------+-----
Fighting       | 2 3 4 5 6 8 9 11 12 14 16 18 | 18.0
Dodging        | 2 4 6 7 9 10 11 | 11.0
Armour         | 1 2 4 6 7 9 10 11 | 11.0
Maces & Flails | 4 6 |  6.9
Throwing       | 4 5 |  5.0
Staves         | 2 4 5 8 10 12 13 | 13.6
Evocations     | 4 8 |  8.2
Necromancy     | 5 8 11 12 14 16 | 16.2
Charms         | 3 6 7 |  7.3
Spellcasting   | 3 4 8 |  8.1
Ice Magic      | 7 |  7.1
Translocations | 2 4 |  4.7
Short Blades   | |  0.8
Stealth        | |  0.8

Action                   |  1- 3 |  4- 6 |  7- 9 | 10-12 | 13-15 | 16-18 | 19-21 || total
-------------------------+-------+-------+-------+-------+-------+-------+-------++-------
Melee: Short sword       |    70 |       |       |       |       |       |       ||    70
       Whip              |    52 |   206 |   359 |       |       |       |       ||   617
       Headbutt          |     4 |    46 |   124 |   167 |   421 |   436 |   185 ||  1383
       Kick              |       |    53 |   193 |   250 |   592 |   669 |   292 ||  2049
       Quarterstaff      |       |       |   183 |   563 |  1225 |  1127 |   470 ||  3568
 Fire: Blowgun           |       |       |       |     4 |     5 |       |       ||     9
       Hunting sling     |       |       |       |       |    40 |    62 |       ||   102
Throw: Javelin           |       |       |    17 |    62 |    19 |    39 |    14 ||   151
 Cast: Regeneration      |       |       |       |    19 |    79 |   151 |    63 ||   312
       Dispel Undead     |       |       |       |       |       |       |     4 ||     4
       Excruciating Woun |       |       |       |       |       |       |     2 ||     2
Invok: Receive Necronomi |       |       |       |       |       |     1 |       ||     1
Evoke: Wand              |    10 |    11 |     7 |    15 |    16 |     9 |     4 ||    72
       Phial of floods   |       |       |       |       |       |     1 |       ||     1
  Use: Scroll            |       |     5 |    23 |    11 |    14 |     9 |    16 ||    78
       Potion            |       |     1 |     2 |     5 |     7 |    10 |     3 ||    28
 Stab: Distracted        |       |     1 |       |     2 |     9 |     4 |     1 ||    17
       Sleeping          |       |       |     3 |     6 |    24 |    11 |     1 ||    45
  Eat: Chunk             |     2 |     8 |    16 |    19 |    48 |    28 |    18 ||   139
       Bread ration      |       |       |     1 |     2 |     2 |     8 |       ||    13
       Pizza             |       |       |       |       |     1 |       |       ||     1
       Royal jelly       |       |       |       |       |     1 |       |       ||     1
       Fruit             |       |       |       |       |       |     1 |       ||     1
Armor: Leather armour    |    35 |    14 |       |       |       |       |       ||    49
       Ring mail         |       |    76 |   170 |   181 |   242 |   117 |    55 ||   841
       Quicksilver drago |       |       |       |       |    16 |       |       ||    16
       Swamp dragon scal |       |       |       |       |       |    92 |       ||    92
Dodge: Dodged            |    80 |   124 |   236 |   339 |   651 |   672 |   214 ||  2316
Block: Other             |       |       |       |       |    35 |    83 |    19 ||   137
       Reflection        |       |       |       |       |       |     5 |     2 ||     7
